 Dungeon Crawl Stone Soup version 0.30-a0-755-g0b50240ab4 (webtiles) character file.

Game seed: 3233499623493076752

6 M4edhros the Charlatan (level 1, 0/13 HPs)
             Began as an Octopode Artificer on Feb 9, 2023.
             Slain by an endoplasm (3 damage)
             ... on level 1 of the Dungeon.
             The game lasted 00:00:12 (89 turns).

M4edhros the Charlatan (Octopode Artificer)           Turns: 89, Time: 00:00:12

Health: 0/13       AC:  1    Str: 11    XL:     1   Next: 90%
Magic:  1/1        EV: 13    Int: 13    God:
Gold:   12         SH:  0    Dex: 12    Spells: 0/0 levels left

rFire   . . .      SeeInvis .    (no weapon)
rCold   . . .      Faith    .    (no shield)
rNeg    . . .      Spirit   .    (helmet restricted)
rPois   .          Reflect  .    (no amulet)
rElec   .          Harm     .    (no ring)
rCorr   .          Rampage  .    (no ring)
Will    .....                    (no ring)
Stlth   +++                      (no ring)
HPRegen 0.22/turn                (no ring)
MPRegen 0.07/turn                (no ring)
                                 (no ring)
                                 (no ring)

@: no status effects
A: almost no armour, amphibious, 8 rings, camouflage 1, gelatinous body 1,
(nimble swimmer 1), tentacles
a: no special abilities


You were on level 1 of the Dungeon.
You visited 1 branch of the dungeon, and saw 1 of its levels.

You collected 12 gold pieces.

Inventory:

Wands
 b - a wand of flame (15) (quivered)
 c - a wand of charming (15)
 d - a wand of iceblast (5)
Scrolls
 a - a scroll of identify {unknown}


   Skills:
 - Level 1.0 Fighting
 - Level 2.3 Dodging
 - Level 1.3 Stealth
 + Level 3.8 Evocations


You couldn't memorise any spells.
You didn't know any spells.
Your spell library was empty.

Dungeon Overview and Level Annotations

Branches:
Dungeon (1/15)

Altars:


Innate Abilities, Weirdness & Mutations

You cannot wear most types of armour.
You are amphibious.
You can wear up to eight rings at the same time.
Your skin changes colour to match your surroundings (Stealth+).
Your rubbery body absorbs attacks. (AC +1, EV +1)
((You are camouflaged when in or above water. (Stealth+)))
You have tentacles for arms and can constrict up to eight enemies at once.


Message History

No target in view!
No target in view!
A ball python comes into view.
A ball python is nearby!
A ball python is nearby!
The ball python hisses angrily.
A giant cockroach comes into view.
A rat comes into view.
An endoplasm comes into view.
Found a grey potion.
Found a stone staircase leading down.
The ball python completely misses you. The ball python grabs you.
The ball python constricts you.
You barely miss the ball python. You grab the ball python.
You constrict the ball python. The ball python bites you.
The ball python constricts you.
You tentacle-slap the ball python.
You kill the ball python!
The endoplasm jiggles.
You tentacle-slap the endoplasm but do no damage.
The endoplasm closely misses you.
You barely miss the rat. You grab the rat. You constrict the rat.
The endoplasm misses you. The rat bites you.
You barely miss the rat. You squeeze the rat.
You kill the rat!
The endoplasm misses you.
You barely miss the giant cockroach. Your grab misses the giant cockroach.
The giant cockroach misses you. The endoplasm freezes you.
You are frozen.
You are too injured to fight recklessly!
You are too injured to fight recklessly!
You are too injured to fight recklessly!
You are too injured to fight recklessly!
You are too injured to fight recklessly!
You are too injured to fight recklessly!
You are too injured to fight recklessly!
The giant cockroach attacks as you move away!
The giant cockroach bites you.
* * * LOW HITPOINT WARNING * * *
The endoplasm attacks as you move away! The endoplasm hits you.
You die...

......).............#
....................#
..............##. ..#
.............## #.#
.............# ##..#
.............###†.#
...........?.#...###
...................#
.......B@.....####.#
...(..J###...# #.#
.....$. #.### #.#
....... #.# #.#
##..... ..# #.##
#...!. #### #..#
..#.... ##.## #..>##.
#..#### ##.....


You could see an endoplasm and a giant cockroach.

Vanquished Creatures
  A bat (D:1)
  An endoplasm (D:1)
  A goblin (D:1)
  2 ball pythons (D:1)
  A rat (D:1)
6 creatures vanquished.

Notes
Turn   | Place    | Note
-------+----------+-------------------------------------------
     0 | D:1      | M4edhros the Octopode Artificer began the quest for the
                  | Orb.
     0 | D:1      | Reached XP level 1. HP: 13/13 MP: 1/1
    89 | D:1      | Slain by an endoplasm

Illustrated notes

Levels and vault maps discovered:
D:1:      minmay_arrival_split_and_join, layout_rooms

Action                     || total
---------------------------++-------
  Melee: Unarmed           ||    11
         Constrict         ||     5
         Tentacles         ||     4
   Stab: Sleeping          ||     3
  Dodge: Dodged            ||     7

Table legend: (Time is in decaauts)
 A = Elapsed time spent in this place.
 B = Non-inter-level travel time spent in this place.
 C = Inter-level travel time spent in this place.
 D = Time resting spent in this place.
 E = Time spent auto-exploring this place.
 F = Levels seen in this place.
 G = Mean time per level.
                   A        B        C        D        E       F      G
               +--------+--------+--------+--------+--------+-----+--------+
         Total |     89 |     89 |      0 |      0 |     51 |   1 |   89.0 |
       Dungeon |     89 |     89 |      0 |      0 |     51 |   1 |   89.0 |
               +--------+--------+--------+--------+--------+-----+--------+

Top non-repeatable levels by time:
     D:1: 89 daAuts
